Map: [EWC] Crimson Court

Players

Maru - Winner!

  • Race: Terran Terran
  • Spawn Location: 1:00

Dark

  • Race: Zerg Zerg
  • Spawn Location: 7:00

Event: Esports World Cup 2024

VOD

Have the link to the VOD?

Description

Time

  • Played on: Aug. 15, 2024, 12:28 p.m.
  • Length: 13:42

All games in this series

Show
View Real Time Build Order
Export as new Build Order

Maru Terran - Winner!

Build Orders: Reaper Expand 

Get SALT Encoding   

  12  0:00  SCV  
  13  0:12  SCV  
  14  0:16  Supply Depot  
  14  0:24  SCV  
  15  0:38  SCV  
  15  0:39  Barracks  
  16  0:43  Refinery  
  16  0:50  SCV  
  17  1:02  SCV  
  18  1:14  SCV  
  19  1:26  Orbital Command, Reaper  
  20  1:37  Command Center  
  20  1:45  Supply Depot  
  20  1:52  SCV  
  21  1:58  Marine  
  22  2:04  SCV  
  23  2:09  Factory  
  23  2:16  SCV  
  23  2:21  Barracks Reactor  
  24  2:28  SCV  
  25  2:40  SCV  
  26  2:44  Command Center  
  26  2:51  Orbital Command  
  26  2:53  SCV  
  27  2:59  Starport  
  27  3:03  Refinery  
  27  3:05  SCV  
  28  3:09  Hellion  
  28  3:11  Hellion  
  32  3:16  SCV  
  32  3:18  Marine  
  32  3:19  SCV  
  35  3:28  SCV  
  35  3:30  Hellion  
  35  3:31  SCV  
  35  3:32  Hellion  
  41  3:35  Medivac  
  41  3:39  Barracks Tech Lab  
  41  3:40  SCV  
  44  3:43  SCV  
  45  3:52  SCV  
  45  3:53  Supply Depot  
  46  3:56  SCV  
  46  4:00  Orbital Command  
  47  4:04  SCV  
  47  4:08  SCV  
  47  4:09  Barracks Tech Lab  
  49  4:11  Banshee  
  49  4:16  SCV  
  53  4:17  Barracks  
  53  4:18  Barracks  
  53  4:20  SCV  
  53  4:22  Factory Reactor  
  54  4:25  Refinery  
  54  4:27  SCV  
  54  4:28  SCV  
  54  4:29  Marine  
  57  4:32  SCV  
  58  4:39  SCV  
  58  4:41  SCV  
  58  4:44  SCV  
  56  4:47  Marine  
  55  4:54  Banshee  
  55  4:57  Engineering Bay  
  55  4:58  SCV x3, Engineering Bay  
  55  4:59  Refinery  
  57  5:04  Stimpack  
  57  5:05  Marine  
  59  5:07  Barracks  
  59  5:08  Barracks  
  59  5:10  Marine, Factory Reactor  
  59  5:11  Marine  
  59  5:12  SCV  
  59  5:13  Supply Depot, SCV  
  62  5:17  Marine x2  
  64  5:23  Marine  
  64  5:24  Terran Infantry Weapons Level 1  
  64  5:25  Orbital Command, Terran Infantry Armor Level 1  
  65  5:28  Marine x2  
  65  5:32  Supply Depot, SCV x2  
  65  5:35  Supply Depot  
  69  5:37  Supply Depot  
  69  5:39  Marine x2  
  71  5:44  SCV  
  71  5:47  Supply Depot  
  71  5:48  SCV  
  73  5:51  SCV  
  73  5:52  Medivac  
  73  5:54  Medivac  
  73  5:56  SCV  
  79  5:57  Barracks Reactor  
  79  6:00  SCV  
  79  6:03  Barracks Reactor  
  79  6:04  Marine x2  
  80  6:05  SCV  
  80  6:08  SCV  
  80  6:10  Siege Tank, Marine  
  88  6:11  Marine  
  88  6:13  Marine  
  88  6:15  SCV  
  91  6:20  SCV  
  91  6:21  Supply Depot, SCV, Marine  
  94  6:25  Armory  
  94  6:27  SCV  
  94  6:29  Marine x3  
  98  6:33  Medivac  
  98  6:36  SCV x2  
  98  6:37  Supply Depot, Marine  
  98  6:39  Supply Depot  
  103  6:42  Siege Tank, Marine x3  
  103  6:44  Combat Shield  
  103  6:46  SCV, Medivac  
  112  6:47  Marine x2  
  112  6:48  SCV  
  112  6:53  SCV  
  116  6:57  Supply Depot, Marine  
  116  6:59  Supply Depot  
  116  7:01  SCV  
  118  7:03  Medivac  
  118  7:07  Marine x6  
  120  7:12  Barracks  
  120  7:13  Barracks  
  120  7:14  Barracks  
  120  7:16  Refinery  
  120  7:17  Marine x3  
  123  7:25  Marine x4  
  123  7:26  Terran Infantry Weapons Level 2  
  127  7:35  Marauder  
  127  7:36  Marine  
  128  7:37  Marine x2  
  128  7:40  Marine  
  128  7:41  Supply Depot  
  128  7:42  Marine  
  133  7:44  Supply Depot  
  133  7:45  Marine x3  
  133  7:46  Siege Tank  
  133  7:47  Medivac  
  133  7:49  Terran Infantry Armor Level 2  
  141  7:54  Marine  
  141  7:55  Marine  
  141  7:56  Supply Depot  
  141  7:57  Marauder  
  145  8:02  Barracks Tech Lab  
  145  8:03  Barracks Tech Lab x2, Concussive Shells  
  145  8:06  Supply Depot  
  145  8:07  Supply Depot x2  
  145  8:08  Marine  
  146  8:15  Marine x3  
  146  8:18  Marauder  
  151  8:20  Supply Depot  
  151  8:21  Marine x2  
  151  8:22  Marauder x2  
  151  8:23  Medivac x2  
  161  8:28  Marine, Marauder  
  161  8:29  Marine x2  
  168  8:34  Siege Tank  
  168  8:40  Marauder  
  170  8:41  Supply Depot, Marine x2  
  170  8:42  Marine x4  
  170  8:43  Marauder  
  169  8:52  SCV x2  
  169  8:53  SCV  
  169  8:54  Marine  
  157  8:57  Medivac x2  
  157  8:58  Marine x2  
  157  8:59  Marine  
  157  9:01  Marauder  
  166  9:04  SCV  
  166  9:05  SCV x2  
  169  9:14  Marine x3  
  169  9:15  Marine x2, Marauder  
  169  9:16  SCV  
  169  9:17  SCV  
  178  9:20  Siege Tank  
  181  9:26  Marine x2, Marauder  
  185  9:32  Marine  
  185  9:33  Marauder  
  185  9:34  Marine  
  185  9:35  Marine x2  
  190  9:43  Marine x2, Marauder  
  186  9:48  Marauder  
  186  9:50  Marine  
  186  9:51  Marine  
  188  9:56  Terran Infantry Weapons Level 3  
  188  10:00  SCV x2  
  188  10:04  Marine, Marauder x2  
  188  10:05  Marine x2, Marauder  
  183  10:10  Marine x2, Marauder  
  183  10:13  Marine  
  179  10:22  Marine x2  
  179  10:23  Marine  
  179  10:25  Marine x2  
  179  10:26  Terran Infantry Armor Level 3  
  179  10:27  Siege Tank  
  181  10:31  Marine x2  
  181  10:32  Marauder x2  
  181  10:35  Marine  
  173  10:39  Marine  
  173  10:41  Marine x2  
  176  10:44  Marauder x2  
  176  10:49  Marine  
  181  10:53  Marauder x2  
  181  10:55  Medivac x2  
  189  10:57  Orbital Command  
  189  10:59  Marine x3  
  192  11:04  Orbital Command  
  192  11:05  Marauder x2  
  192  11:10  Marine  
  195  11:15  Marauder x2  
  195  11:16  Marine  
  195  11:20  Marine x2  
  189  11:26  Siege Tank, Marauder x2  
  189  11:27  Supply Depot  
  189  11:40  Marine  
  189  11:41  Marauder  
  189  11:48  Marauder x3  
  194  11:59  Widow Mine  
  196  12:06  Marine  
  197  12:08  Supply Depot  
  197  12:09  Command Center  
  197  12:11  Marine, Marauder  
  196  12:26  Sensor Tower  
  196  12:28  Siege Tank, Marauder x2  
  196  12:29  SCV x2  
  195  12:31  Marine  
  195  12:32  Marine x2, Marauder x2  
  190  12:44  Marine  
  190  12:49  Marine  
  190  12:50  Marauder x2  
  183  12:53  Marine x2  
  183  12:54  Marauder x2  
  175  13:00  Siege Tank  
  175  13:02  Marine  
  178  13:07  Marine  
  178  13:11  Marine x3, Marauder  
  172  13:15  Marine, Marauder  
  174  13:20  Marine  
Show
View Real Time Build Order
Export as new Build Order

Dark Zerg 

Build Orders: Hatch First, Swarm Host 

Get SALT Encoding   

  12  0:00  Drone  
  13  0:12  Overlord  
  13  0:17  Drone  
  14  0:30  Drone x2  
  16  0:47  Hatchery  
  15  0:51  Drone  
  15  0:54  Drone  
  18  0:57  Drone  
  18  1:11  Spawning Pool  
  17  1:13  Drone  
  17  1:17  Drone  
  19  1:30  Drone  
  20  1:39  Drone  
  21  1:48  Hatchery  
  21  1:49  Drone  
  21  1:59  Queen  
  21  2:00  Zergling x4  
  25  2:07  Queen  
  27  2:10  Zergling x2  
  28  2:16  Overlord  
  28  2:35  Drone x3  
  31  2:37  Queen  
  31  2:41  Drone  
  31  2:43  Queen  
  36  2:48  Overlord  
  36  3:00  Queen  
  36  3:01  Drone x3  
  36  3:05  Overlord  
  41  3:06  Extractor  
  41  3:09  Drone x2  
  42  3:13  Drone x2  
  44  3:22  Drone x3  
  44  3:25  Drone x3  
  50  3:34  Roach Warren, Overlord  
  50  3:38  Drone  
  50  3:39  Drone  
  50  3:40  Drone  
  52  3:44  Drone x2  
  54  3:52  Drone x2  
  54  3:55  Drone x4  
  60  4:00  Extractor  
  60  4:01  Extractor  
  58  4:04  Overlord  
  58  4:06  Drone x2  
  60  4:13  Drone  
  60  4:14  Overlord  
  61  4:17  Roach x2  
  61  4:22  Roach  
  61  4:23  Roach x2  
  71  4:28  Roach  
  73  4:38  Evolution Chamber  
  69  4:43  Drone x8  
  68  4:50  Drone x2  
  65  4:53  Drone  
  65  4:54  Drone x5, Spore Crawler  
  65  4:58  Lair  
  65  4:59  Drone  
  72  5:02  Drone x2  
  74  5:10  Hatchery  
  74  5:12  Drone x2  
  75  5:17  Spore Crawler, Drone  
  75  5:20  Spore Crawler  
  72  5:22  Drone x2  
  72  5:23  Drone  
  72  5:26  Extractor  
  72  5:27  Extractor  
  73  5:34  Drone x4, Evolution Chamber x2  
  75  5:37  Drone  
  75  5:38  Drone x2  
  75  5:40  Drone  
  79  5:44  Overlord  
  79  5:45  Drone  
  79  5:49  Drone x2  
  82  5:56  Glial Reconstitution  
  82  5:57  Overlord x2  
  82  5:59  Zerg Missile Weapons Level 1  
  82  6:01  Overseer  
  82  6:02  Extractor  
  82  6:04  Zerg Ground Armor Level 1  
  81  6:07  Drone  
  81  6:08  Drone x2  
  81  6:10  Drone x2  
  86  6:18  Drone  
  86  6:19  Drone x3  
  86  6:23  Roach x4  
  86  6:25  Metabolic Boost  
  98  6:32  Roach x4  
  106  6:34  Overlord  
  106  6:41  Roach x3  
  106  6:46  Unknown  
  106  6:47  Drone, Infestation Pit  
  112  6:50  Drone x2  
  112  6:53  Ravager x2  
  112  6:54  Ravager  
  115  6:59  Roach x2  
  115  7:00  Overlord  
  119  7:03  Overlord  
  115  7:08  Overlord  
  115  7:11  Overlord  
  115  7:12  Overlord x2  
  115  7:18  Overlord  
  115  7:19  Overlord, Roach  
  115  7:20  Roach  
  119  7:23  Drone x2  
  119  7:25  Drone  
  119  7:27  Zergling x10, Nydus Network  
  126  7:31  Extractor  
  126  7:34  Overlord  
  123  7:48  Roach x3  
  129  7:53  Swarm Host x9  
  129  7:54  Swarm Host  
  129  7:58  Swarm Host x2  
  162  8:01  Ravager x2  
  162  8:02  Ravager  
  168  8:06  Roach x3  
  168  8:09  Zerg Missile Weapons Level 2  
  174  8:12  Nydus Canal  
  174  8:14  Roach x2  
  174  8:18  Overlord  
  178  8:30  Nydus Canal, Baneling Nest  
  177  8:38  Roach x3  
  177  8:40  Zerg Ground Armor Level 2  
  178  8:51  Roach x3  
  178  8:52  Roach  
  178  8:55  Overlord x2  
  182  8:58  Overlord  
  182  8:59  Ravager  
  182  9:01  Overlord  
  183  9:04  Overlord  
  183  9:06  Overlord  
  183  9:12  Nydus Canal, Overlord x2  
  183  9:15  Centrifugal Hooks  
  183  9:16  Ravager  
  184  9:17  Roach x6  
  184  9:18  Ravager x2  
  184  9:20  Hatchery  
  184  9:23  Roach  
  199  9:25  Hive  
  191  9:45  Zergling x34  
  194  9:53  Ravager x2  
  194  9:57  Zergling x6  
  199  10:05  Baneling x12  
  199  10:07  Zergling x16  
  193  10:15  Ravager x3  
  193  10:16  Ravager x3  
  198  10:26  Zerg Melee Weapons Level 1  
  191  10:34  Zergling x34  
  200  10:38  Baneling x9  
  199  10:45  Nydus Canal  
  199  10:56  Adrenal Glands  
  199  11:04  Nydus Canal  
  199  11:11  Zergling x16  
  195  11:22  Viper x2  
  195  11:24  Hatchery  
  198  11:30  Baneling  
  198  11:31  Baneling x2  
  197  11:38  Drone  
  197  11:41  Hatchery  
  197  11:46  Nydus Canal  
  194  12:00  Nydus Canal  
  193  12:05  Baneling x6  
  193  12:10  Hatchery  
  193  12:14  Zergling x22  
  199  12:17  Baneling x6  
  196  12:30  Zergling x6  
  199  12:43  Overlord x2  
  173  12:51  Roach x7  
  173  12:54  Roach x2  
  174  13:00  Roach x2  
  174  13:01  Overlord x3  
  174  13:02  Overlord x2  
  174  13:05  Baneling x5  
  178  13:06  Roach  
  178  13:07  Roach x4  
  177  13:18  Overlord  
  168  13:23  Roach  
Tags
 
Add a new tag
Caveats
  • Supply blocks, unpowered buildings, or Contaminate may cause inaccurate times.
  • Supply counts are checked every 10 seconds.